NEW YORK I vs TAMPA BAY

Created - April 18, 2021 at 11:01

Goals
1 2 3 OT1 T
NEW YORK I 2 0 0 0 2
TAMPA BAY 0 0 2 1 3
Shots
1 2 3 OT1 T
NEW YORK I 11 7 2 0 20
TAMPA BAY 5 5 17 6 33

1st period

1. NEW YORK I , Brandon Saad 17 (Ryan Strome 28) at 0:36
2. NEW YORK I , Matt Dumba 5 (Jared Spurgeon 33) at 9:01

Penalties :
MacKenzie Weegar (TB ) for Tripping (Minor) at 0:41, John Klingberg (TB ) for Holding (Minor) at 10:01, Nick Foligno (NYI) for Hooking (Minor) at 12:52

2nd period

No Goal

Penalties :
Matt Dumba (NYI) for Holding (Minor) at 16:56

3rd period

3. TAMPA BAY , Jesper Bratt 5 (Rasmus Andersson 26, Vladislav Gavrikov 18) at 2:07
4. TAMPA BAY , Zach Werenski 10 (John Klingberg 25, Viktor Arvidsson 15) at 13:51

Penalties :
Nick Foligno (NYI) for Slashing (Double Minor) at 2:57

Overtime #1

5. TAMPA BAY , Elias Lindholm 19 (MacKenzie Weegar 15, Robby Fabbri 13) at 3:25

Penalties :
No Penalty

Goalie Stats

Jacob Markstrom (NYI), 30 saves from 33 shots - (0.909), OTL, 29-12-3, 63:26 minutes
Casey DeSmith (TB ), 18 saves from 20 shots - (0.900), W, 11-5-1, 63:26 minutes

Players Stats for NEW YORK I

Player Name              G  A  P  +/- PIM S  H  SB GA TA FO     MP     PP MP  PK MP  
------------------------------------------------------------------------------------
Anthony Mantha           0  0  0   1  0   0  1  0  0  0  1/2    16:36   1:58   0:00 
Austin Watson            0  0  0  -2  0   0  1  0  0  0  0/0    15:48   0:00   4:39 
Ben Hutton               0  0  0   0  0   1  0  1  0  0  0/0    15:27   0:00   0:48 
Boone Jenner             0  0  0  -2  0   1  0  0  0  0  19/26  16:22   0:00   5:13 
Brandon Saad             1  0  1   1  0   2  0  0  0  0  2/2    16:36   1:58   0:00 
Carter Rowney            0  0  0   0  0   0  0  0  0  0  0/0     2:29   0:00   2:29 
Cedric Paquette          0  0  0   1  0   0  2  0  0  0  5/7     9:41   0:00   2:29 
Esa Lindell              0  0  0  -1  0   2  0  2  0  0  0/0    24:53   1:50   3:36 
Jared Spurgeon           0  1  1   1  0   1  1  2  0  0  0/0    17:22   2:08   0:09 
Josh Bailey              0  0  0   0  0   2  0  0  0  0  0/1    18:28   2:00   0:00 
Logan Couture            0  0  0   0  0   2  2  0  0  0  8/21   18:28   2:00   0:00 
Marcus Foligno           0  0  0  -2  0   2  1  0  0  0  0/0    11:09   0:00   0:00 
Matt Dumba               1  0  1   0  2   1  1  4  0  0  0/0    20:19   0:00   2:55 
Nick Foligno             0  0  0   0  6   1  3  0  0  0  0/0    20:39   2:00   0:03 
Pat Maroon               0  0  0   0  0   0  0  0  0  0  0/0     7:52   0:00   0:46 
Pierre-Edouard Bellemare 0  0  0   0  0   0  0  0  0  0  6/8     8:09   0:00   0:15 
Rasmus Ristolainen       0  0  0  -1  0   1  1  2  0  0  0/0    25:03   2:08   3:28 
Ryan Strome              0  1  1   1  0   3  2  1  0  0  11/20  16:36   1:58   0:00 
Scott Mayfield           0  0  0   0  0   1  1  1  0  0  0/0    19:35   1:50   4:12 
Troy Stecher             0  0  0   0  0   0  0  0  0  0  0/0     0:46   0:00   0:46 

Players Stats for TAMPA BAY

Player Name              G  A  P  +/- PIM S  H  SB GA TA FO     MP     PP MP  PK MP  
------------------------------------------------------------------------------------
David Kampf              0  0  0   0  0   0  0  0  0  0  5/9    10:12   0:00   0:10 
Elias Lindholm           1  0  1   0  0   8  2  2  0  0  12/29  23:15   4:24   2:09 
Filip Chytil             0  0  0   0  0   1  0  0  0  0  8/24   17:50   3:33   0:00 
Filip Forsberg           0  0  0   0  0   0  6  0  0  0  0/1    19:29   3:33   1:39 
Jake Virtanen            0  0  0   0  0   0  2  0  0  0  0/0     8:08   0:00   0:00 
Jesper Bratt             1  0  1   1  0   5  0  0  0  0  1/1    11:24   0:00   0:06 
John Klingberg           0  1  1   1  2   2  2  0  0  0  0/0    22:33   4:01   1:03 
MacKenzie Weegar         0  1  1   1  2   2  1  0  0  0  0/0    21:25   3:56   0:00 
Mathew Barzal            0  0  0  -1  0   0  1  1  0  0  0/1    20:25   4:24   1:39 
Rasmus Andersson         0  1  1  -1  0   2  0  0  0  0  0/0    21:13   3:56   1:40 
Robby Fabbri             0  1  1   2  0   3  1  0  0  0  0/3    12:50   0:00   0:00 
Sami Niku                0  0  0   0  0   0  1  0  0  0  0/0    17:09   0:00   1:05 
Sebastian Aho            0  0  0  -1  0   0  4  0  0  0  5/7    20:55   4:24   2:09 
Sonny Milano             0  0  0   0  0   1  0  0  0  0  0/0     8:08   0:00   0:00 
Tyson Jost               0  0  0   1  0   1  1  0  0  0  3/10   11:18   0:00   0:00 
Viktor Arvidsson         0  1  1   0  0   3  2  0  0  0  1/2    19:00   3:33   0:04 
Vladislav Gavrikov       0  1  1  -1  0   0  0  1  0  0  0/0    17:15   0:00   1:50 
Zach Werenski            1  0  1   1  0   5  3  0  0  0  0/0    23:49   4:01   2:18 

3 Stars

1 - Zach Werenski (TB )
2 - Elias Lindholm (TB )
3 - Jesper Bratt (TB )

Power Play

NEW YORK I - 0 on 2 Attempt(s) - 0.00%
TAMPA BAY - 0 on 4 Attempt(s) - 0.00%

Penalty Kill

NEW YORK I - 4 on 4 Attempt(s) - 100.00% - Score 0 goal in Penalty Kill
TAMPA BAY - 2 on 2 Attempt(s) - 100.00% - Score 0 goal in Penalty Kill

Team Stat

NEW YORK I - Hits : 16 - Faceoff Wins : 52 - Blocked Shots : 13 - Penalty Minutes : 8
TAMPA BAY - Hits : 26 - Faceoff Wins : 35 - Blocked Shots : 4 - Penalty Minutes : 4

Official

Referees : Kyle Newell and Corey Scott
Linesman : Mark Shewchyk and Kevin Fuhr

Game Notes

No Game Note

Finance

Level 1 -- Attendance: 4178 (69.63%) -- Ticket Income $417,800
Level 2 -- Attendance: 4102 (82.04%) -- Ticket Income $246,120
Level 3 -- Attendance: 1947 (97.35%) -- Ticket Income $68,145
Level 4 -- Attendance: 3486 (87.15%) -- Ticket Income $69,720
Luxury Box -- Attendance: 658 (65.80%) -- Ticket Income $131,600
Game was played at the Amalie Arena.
Total Attendance: 14371 (79.84%)
Total Ticket Income: $933,385
Total Income: $933,385

NEW YORK I

5 vs 5 Forward 
   Center                   Left Wing                Right Wing               Time % Phy DF OF 
 1 Logan Couture            Nick Foligno             Josh Bailey              35     1   1  3  
 2 Ryan Strome              Brandon Saad             Anthony Mantha           30     1   2  2  
 3 Boone Jenner             Marcus Foligno           Austin Watson            25     1   2  2  
 4 Pierre-Edouard Bellemare Pat Maroon               Cedric Paquette          10     2   3  0  

5 vs 5 Defense 
   Defense                  Defense                                           Time % Phy DF OF 
 1 Rasmus Ristolainen       Esa Lindell                                       35     1   2  2  
 2 Matt Dumba               Jared Spurgeon                                    30     1   2  2  
 3 Ben Hutton               Scott Mayfield                                    25     1   2  2  
 4 Rasmus Ristolainen       Esa Lindell                                       10     1   2  2  

PowerPlay Forward 
   Center                   Left Wing                Right Wing               Time % Phy DF OF 
 1 Logan Couture            Nick Foligno             Josh Bailey              60     1   2  2  
 2 Ryan Strome              Brandon Saad             Anthony Mantha           40     1   2  2  

PowerPlay Defense
   Defense                  Defense                                           Time % Phy DF OF 
 1 Rasmus Ristolainen       Jared Spurgeon                                    60     1   2  2  
 2 Scott Mayfield           Esa Lindell                                       40     1   2  2  

Penalty Kill 4 Players Forward 
   Center                   Wing                     Time % Phy DF OF 
 1 Boone Jenner             Austin Watson            60     1   2  2  
 2 Cedric Paquette          Carter Rowney            40     1   2  2  

Penalty Kill 4 Players Defense
   Defense                  Defense                  Time % Phy DF OF 
 1 Rasmus Ristolainen       Esa Lindell              60     1   2  2  
 2 Matt Dumba               Scott Mayfield           40     1   2  2  

Penalty Kill - 3 Players Forward 
   Forward                                           Time % Phy DF OF 
 1 Boone Jenner                                      60     1   2  2  
 2 Marcus Foligno                                    40     1   2  2  

Penalty Kill - 3 Players Defense
   Defense                  Defense                  Time % Phy DF OF 
 1 Rasmus Ristolainen       Esa Lindell              60     1   2  2  
 2 Jared Spurgeon           Scott Mayfield           40     1   2  2  

4 vs 4 Forward 
   Center                   Wing                     Time % Phy DF OF 
 1 Logan Couture            Brandon Saad             60     1   2  2  
 2 Ryan Strome              Anthony Mantha           40     1   2  2  

4 vs 4 Defense
   Defense                  Defense                  Time % Phy DF OF 
 1 Rasmus Ristolainen       Esa Lindell              60     1   2  2  
 2 Jared Spurgeon           Scott Mayfield           40     1   2  2  

Last Minutes Offensive
   Center                   Left Wing                Right Wing               Defense                  Defense                  
   Logan Couture            Brandon Saad             Anthony Mantha           Rasmus Ristolainen       Jared Spurgeon           

Last Minutes Defensive
   Center                   Left Wing                Right Wing               Defense                  Defense                  
   Boone Jenner             Marcus Foligno           Cedric Paquette          Rasmus Ristolainen       Scott Mayfield           

Goaltenders
Starting : Jacob Markstrom          
Backup : Curtis McElhinney        

Extra Forwards
Normal : Austin Watson, Josh Bailey, Pat Maroon - PP : Pierre-Edouard Bellemare, Cedric Paquette - PK : Austin Watson
Extra Defensemen
Normal : Troy Stecher, Jared Spurgeon, Ben Hutton - PP : Troy Stecher - PK : Scott Mayfield, Troy Stecher
Penalty Shots
Logan Couture, Anthony Mantha, Brandon Saad, Nick Foligno, Ryan Strome

Scratches
NYI Cap Hit (Suspend)

TAMPA BAY

5 vs 5 Forward 
   Center                   Left Wing                Right Wing               Time % Phy DF OF 
 1 Elias Lindholm           Sebastian Aho            Mathew Barzal            30     1   2  2  
 2 Filip Chytil             Filip Forsberg           Viktor Arvidsson         30     1   2  2  
 3 Tyson Jost               Jesper Bratt             Robby Fabbri             25     1   2  2  
 4 David Kampf              Sonny Milano             Jake Virtanen            15     1   2  2  

5 vs 5 Defense 
   Defense                  Defense                                           Time % Phy DF OF 
 1 Zach Werenski            John Klingberg                                    35     1   2  2  
 2 Rasmus Andersson         Vladislav Gavrikov                                33     1   2  2  
 3 MacKenzie Weegar         Sami Niku                                         32     1   2  2  
 4 MacKenzie Weegar         Vladislav Gavrikov                                0      1   2  2  

PowerPlay Forward 
   Center                   Left Wing                Right Wing               Time % Phy DF OF 
 1 Elias Lindholm           Sebastian Aho            Mathew Barzal            60     1   2  2  
 2 Filip Chytil             Filip Forsberg           Viktor Arvidsson         40     1   2  2  

PowerPlay Defense
   Defense                  Defense                                           Time % Phy DF OF 
 1 Zach Werenski            John Klingberg                                    60     1   2  2  
 2 Rasmus Andersson         MacKenzie Weegar                                  40     1   2  2  

Penalty Kill 4 Players Forward 
   Center                   Wing                     Time % Phy DF OF 
 1 Sebastian Aho            Elias Lindholm           60     1   2  2  
 2 Mathew Barzal            Filip Forsberg           40     1   2  2  

Penalty Kill 4 Players Defense
   Defense                  Defense                  Time % Phy DF OF 
 1 Zach Werenski            John Klingberg           60     1   2  2  
 2 Rasmus Andersson         Vladislav Gavrikov       40     1   2  2  

Penalty Kill - 3 Players Forward 
   Forward                                           Time % Phy DF OF 
 1 Sebastian Aho                                     60     1   2  2  
 2 Elias Lindholm                                    40     1   2  2  

Penalty Kill - 3 Players Defense
   Defense                  Defense                  Time % Phy DF OF 
 1 Zach Werenski            John Klingberg           60     1   2  2  
 2 Rasmus Andersson         Vladislav Gavrikov       40     1   2  2  

4 vs 4 Forward 
   Center                   Wing                     Time % Phy DF OF 
 1 Sebastian Aho            Elias Lindholm           60     1   2  2  
 2 Mathew Barzal            Filip Forsberg           40     1   2  2  

4 vs 4 Defense
   Defense                  Defense                  Time % Phy DF OF 
 1 Zach Werenski            John Klingberg           60     1   2  2  
 2 Rasmus Andersson         Vladislav Gavrikov       40     1   2  2  

Last Minutes Offensive
   Center                   Left Wing                Right Wing               Defense                  Defense                  
   Elias Lindholm           Sebastian Aho            Mathew Barzal            Zach Werenski            John Klingberg           

Last Minutes Defensive
   Center                   Left Wing                Right Wing               Defense                  Defense                  
   Elias Lindholm           Sebastian Aho            Mathew Barzal            Zach Werenski            John Klingberg           

Goaltenders
Starting : Casey DeSmith            
Backup : Vitek Vanecek            

Extra Forwards
Normal : Sonny Milano, Jake Virtanen, Jesper Bratt - PP : Sonny Milano, Jake Virtanen - PK : Jesper Bratt
Extra Defensemen
Normal : MacKenzie Weegar, Vladislav Gavrikov, Sami Niku - PP : Vladislav Gavrikov - PK : Vladislav Gavrikov, Sami Niku
Penalty Shots
Sebastian Aho, Elias Lindholm, Mathew Barzal, Filip Forsberg, Viktor Arvidsson

Scratches
Anthony Bitetto (Healthy), TB Cap Hit (Healthy), Pavel Francouz (Healthy)

% Time on Ice - NEW YORK I

Lines # - Real PCT - Wanted PCT - Time Play
Normal Forward
1 - 34% - 35% - 16:28
2 - 30% - 30% - 14:38
3 - 23% - 25% - 11:09
4 - 12% - 10% - 5:50
Normal Defense
1 - 35% - 35% - 16:46
2 - 31% - 30% - 15:05
3 - 28% - 25% - 13:33
4 - 6% - 10% - 2:41
PP Forward
1 - 50% - 60% - 2:00
2 - 50% - 40% - 1:58
PP Defense
1 - 54% - 60% - 2:08
2 - 46% - 40% - 1:50
PK Forward
1 - 69% - 60% - 5:28
2 - 31% - 40% - 2:29
PK Defense
1 - 44% - 60% - 3:28
2 - 56% - 40% - 4:29
PK3 Forward
1 - 0% - 60%
2 - 0% - 40%
PK3 Defense
1 - 0% - 60%
2 - 0% - 40%
44 Forward
1 - 0% - 60%
2 - 0% - 40%
44 Defense
1 - 0% - 60%
2 - 0% - 40%
Last Minute Offensive  - 0:00
Last Minute Defensive  - 0:00
Total
Forward - 60:00
Defense - 60:00

% Time on Ice - TAMPA BAY

Lines # - Real PCT - Wanted PCT - Time Play
Normal Forward
1 - 30% - 30% - 14:22
2 - 30% - 30% - 14:17
3 - 24% - 25% - 11:18
4 - 17% - 15% - 8:08
Normal Defense
1 - 36% - 35% - 17:30
2 - 32% - 33% - 15:25
3 - 32% - 32% - 15:10
4 - 0% - 0% - 0:00
PP Forward
1 - 55% - 60% - 4:24
2 - 45% - 40% - 3:33
PP Defense
1 - 51% - 60% - 4:01
2 - 49% - 40% - 3:56
PK Forward
1 - 58% - 60% - 2:19
2 - 42% - 40% - 1:39
PK Defense
1 - 58% - 60% - 2:18
2 - 42% - 40% - 1:40
PK3 Forward
1 - 0% - 60%
2 - 0% - 40%
PK3 Defense
1 - 0% - 60%
2 - 0% - 40%
44 Forward
1 - 0% - 60%
2 - 0% - 40%
44 Defense
1 - 0% - 60%
2 - 0% - 40%
Last Minute Offensive  - 0:00
Last Minute Defensive  - 0:00
Total
Forward - 60:00
Defense - 60:00

Play-by-Play

1st period


0:01 of 1st period - Logan Couture wins face-off versus Elias Lindholm in neutral zone.
0:17 of 1st period - Zach Werenski is hit by Logan Couture and loses puck.
0:22 of 1st period - Shot by Josh Bailey.
0:22 of 1st period - Shot Misses the Net.
0:28 of 1st period - Shot by Logan Couture.
0:28 of 1st period - Stopped by Casey DeSmith with a rebound.
0:30 of 1st period - Shot by Josh Bailey.
0:30 of 1st period - Shot Misses the Net.
0:32 of 1st period - Shot by Logan Couture.
0:32 of 1st period - Stopped by Casey DeSmith with a rebound.
0:34 of 1st period - Shot by Josh Bailey.
0:34 of 1st period - Stopped by Casey DeSmith without a rebound.
0:35 of 1st period - Ryan Strome wins face-off versus Filip Chytil in TAMPA BAY zone.
0:36 of 1st period - Shot by Brandon Saad.
0:36 of 1st period - Goal by Brandon Saad - NEW YORK I : 1 - TAMPA BAY : 0.
0:37 of 1st period - Boone Jenner wins face-off versus Robby Fabbri in neutral zone.
0:41 of 1st period - Minor Penalty to MacKenzie Weegar for Tripping.
0:42 of 1st period - Sebastian Aho wins face-off versus Ryan Strome in TAMPA BAY zone.
1:01 of 1st period - Shot by Brandon Saad.
1:01 of 1st period - Shot Misses the Net.
1:03 of 1st period - Shot by Jared Spurgeon.
1:03 of 1st period - Shot Misses the Net.
1:21 of 1st period - Shot by Anthony Mantha.
1:21 of 1st period - Shot Misses the Net.
2:46 of 1st period - Off-side.
2:47 of 1st period - Boone Jenner wins face-off versus Tyson Jost in neutral zone.
2:49 of 1st period - Off-side.
2:50 of 1st period - Boone Jenner wins face-off versus Tyson Jost in neutral zone.
3:02 of 1st period - Shot by Marcus Foligno.
3:02 of 1st period - Shot Misses the Net.
3:04 of 1st period - Shot by Ben Hutton.
3:04 of 1st period - Shot Misses the Net.
3:32 of 1st period - Icing by Boone Jenner.
3:33 of 1st period - Filip Chytil wins face-off versus Boone Jenner in NEW YORK I zone.
3:42 of 1st period - Boone Jenner is hit by Viktor Arvidsson and loses puck.
3:46 of 1st period - Icing by Scott Mayfield.
3:47 of 1st period - David Kampf wins face-off versus Boone Jenner in NEW YORK I zone.
3:48 of 1st period - Shot by John Klingberg.
3:48 of 1st period - Stopped by Jacob Markstrom without a rebound.
3:49 of 1st period - Viktor Arvidsson wins face-off versus Ryan Strome in NEW YORK I zone.
3:58 of 1st period - Shot by Filip Forsberg.
3:58 of 1st period - Shot Misses the Net.
4:07 of 1st period - Icing by Matt Dumba.
4:08 of 1st period - Ryan Strome wins face-off versus Elias Lindholm in NEW YORK I zone.
4:37 of 1st period - Matt Dumba is hit by Zach Werenski and loses puck.
4:47 of 1st period - Icing by John Klingberg.
4:48 of 1st period - Elias Lindholm wins face-off versus Logan Couture in TAMPA BAY zone.
4:48 of 1st period - Elias Lindholm is hit by Nick Foligno.
6:46 of 1st period - Tyson Jost is hit by Ryan Strome.
6:52 of 1st period - Jared Spurgeon is hit by Tyson Jost and loses puck.
7:07 of 1st period - Icing by Matt Dumba.
7:08 of 1st period - Ryan Strome wins face-off versus Elias Lindholm in NEW YORK I zone.
7:31 of 1st period - Shot by Elias Lindholm.
7:31 of 1st period - Shot Blocked by Esa Lindell.
7:54 of 1st period - Icing by Elias Lindholm.
7:55 of 1st period - Boone Jenner wins face-off versus Mathew Barzal in TAMPA BAY zone.
8:05 of 1st period - Shot by Austin Watson.
8:05 of 1st period - Shot Misses the Net.
8:11 of 1st period - Shot by Boone Jenner.
8:11 of 1st period - Deflect By Marcus Foligno.
8:11 of 1st period - Shot Blocked by Elias Lindholm.
8:13 of 1st period - Shot by Marcus Foligno.
8:13 of 1st period - Stopped by Casey DeSmith with a rebound.
8:15 of 1st period - Shot by Austin Watson.
8:15 of 1st period - Deflect By Marcus Foligno.
8:15 of 1st period - Shot Misses the Net.
8:17 of 1st period - Shot by Boone Jenner.
8:17 of 1st period - Shot Hit the Post.
8:25 of 1st period - Shot by Boone Jenner.
8:25 of 1st period - Shot Misses the Net.
8:27 of 1st period - Shot by Marcus Foligno.
8:27 of 1st period - Shot Misses the Net.
8:59 of 1st period - Shot by Matt Dumba.
8:59 of 1st period - Shot Misses the Net.
9:01 of 1st period - Shot by Matt Dumba.
9:01 of 1st period - Goal by Matt Dumba - NEW YORK I : 2 - TAMPA BAY : 0.
9:02 of 1st period - Logan Couture wins face-off versus Filip Chytil in neutral zone.
9:04 of 1st period - Off-side.
9:05 of 1st period - Filip Chytil wins face-off versus Logan Couture in neutral zone.
9:08 of 1st period - Esa Lindell is hit by Filip Forsberg and loses puck.
9:28 of 1st period - Off-side.
9:29 of 1st period - Tyson Jost wins face-off versus Ryan Strome in neutral zone.
9:36 of 1st period - Shot by John Klingberg.
9:36 of 1st period - Shot Blocked by Jared Spurgeon.
10:01 of 1st period - Minor Penalty to John Klingberg for Holding.
10:02 of 1st period - Sebastian Aho wins face-off versus Logan Couture in TAMPA BAY zone.
10:15 of 1st period - Off-side.
10:16 of 1st period - Logan Couture wins face-off versus Sebastian Aho in neutral zone.
10:35 of 1st period - Shot by Josh Bailey.
10:35 of 1st period - Stopped by Casey DeSmith without a rebound.
10:36 of 1st period - Sebastian Aho wins face-off versus Anthony Mantha in TAMPA BAY zone.
10:45 of 1st period - Shot by Esa Lindell.
10:45 of 1st period - Stopped by Casey DeSmith without a rebound.
10:46 of 1st period - Sebastian Aho wins face-off versus Ryan Strome in TAMPA BAY zone.
10:46 of 1st period - Sebastian Aho is hit by Ryan Strome.
11:25 of 1st period - Shot by Rasmus Ristolainen.
11:25 of 1st period - Stopped by Casey DeSmith without a rebound.
11:26 of 1st period - Sebastian Aho wins face-off versus Logan Couture in TAMPA BAY zone.
11:36 of 1st period - Icing by Esa Lindell.
11:37 of 1st period - Logan Couture wins face-off versus Sebastian Aho in NEW YORK I zone.
12:01 of 1st period - Icing by Nick Foligno.
12:02 of 1st period - Boone Jenner wins face-off versus Filip Chytil in NEW YORK I zone.
12:02 of 1st period - Boone Jenner is hit by Filip Forsberg.
12:16 of 1st period - Shot by Boone Jenner.
12:16 of 1st period - Shot Misses the Net.
12:38 of 1st period - Shot by Marcus Foligno.
12:38 of 1st period - Stopped by Casey DeSmith without a rebound.
12:39 of 1st period - David Kampf wins face-off versus Logan Couture in TAMPA BAY zone.
12:52 of 1st period - Minor Penalty to Nick Foligno for Hooking.
12:53 of 1st period - Boone Jenner wins face-off versus Elias Lindholm in NEW YORK I zone.
12:53 of 1st period - Boone Jenner is hit by Elias Lindholm.
13:03 of 1st period - Shot by Sebastian Aho.
13:03 of 1st period - Shot Blocked by Matt Dumba.
13:18 of 1st period - Off-side.
13:19 of 1st period - Boone Jenner wins face-off versus Filip Chytil in neutral zone.
13:31 of 1st period - Icing by Filip Forsberg.
13:32 of 1st period - Boone Jenner wins face-off versus Filip Chytil in TAMPA BAY zone.
13:55 of 1st period - Shot by Rasmus Andersson.
13:55 of 1st period - Stopped by Jacob Markstrom with a rebound.
13:57 of 1st period - Shot by Viktor Arvidsson.
13:57 of 1st period - Stopped by Jacob Markstrom without a rebound.
13:58 of 1st period - Cedric Paquette wins face-off versus Elias Lindholm in NEW YORK I zone.
14:39 of 1st period - Shot by Zach Werenski.
14:39 of 1st period - Stopped by Jacob Markstrom without a rebound.
14:40 of 1st period - Cedric Paquette wins face-off versus Filip Chytil in NEW YORK I zone.
14:53 of 1st period - Shot by Tyson Jost.
14:53 of 1st period - Stopped by Jacob Markstrom without a rebound.
14:54 of 1st period - Logan Couture wins face-off versus Tyson Jost in NEW YORK I zone.
15:29 of 1st period - Shot by Logan Couture.
15:29 of 1st period - Shot Misses the Net.
15:31 of 1st period - Shot by Nick Foligno.
15:31 of 1st period - Shot Misses the Net.
15:33 of 1st period - Shot by Logan Couture.
15:33 of 1st period - Shot Blocked by Vladislav Gavrikov.
16:55 of 1st period - Shot by Boone Jenner.
16:55 of 1st period - Shot Hit the Post.
17:37 of 1st period - Shot by Scott Mayfield.
17:37 of 1st period - Shot Blocked by Elias Lindholm.
17:39 of 1st period - Shot by Scott Mayfield.
17:39 of 1st period - Stopped by Casey DeSmith without a rebound.
17:40 of 1st period - David Kampf wins face-off versus Josh Bailey in TAMPA BAY zone.
17:40 of 1st period - MacKenzie Weegar is hit by Logan Couture.
17:46 of 1st period - Shot by Josh Bailey.
17:46 of 1st period - Shot Misses the Net.
18:58 of 1st period - Shot by Mathew Barzal.
18:58 of 1st period - Shot Misses the Net.
19:32 of 1st period - Jared Spurgeon is hit by Filip Forsberg and loses puck.
Goals for this period are 2 for NEW YORK I vs 0 for TAMPA BAY.
Shots for this period are 11 for NEW YORK I vs 5 for TAMPA BAY.

2nd period


0:01 of 2nd period - Ryan Strome wins face-off versus Filip Chytil in neutral zone.
0:26 of 2nd period - Icing by Ryan Strome.
0:27 of 2nd period - Ryan Strome wins face-off versus Elias Lindholm in NEW YORK I zone.
0:27 of 2nd period - Ryan Strome is hit by Sebastian Aho.
0:34 of 2nd period - Esa Lindell is hit by Zach Werenski and loses puck.
0:37 of 2nd period - Shot by Rasmus Ristolainen.
0:37 of 2nd period - Deflect By Ryan Strome.
0:37 of 2nd period - Stopped by Casey DeSmith without a rebound.
0:38 of 2nd period - David Kampf wins face-off versus Logan Couture in TAMPA BAY zone.
1:39 of 2nd period - Icing by John Klingberg.
1:40 of 2nd period - Filip Chytil wins face-off versus Ryan Strome in TAMPA BAY zone.
1:56 of 2nd period - Ryan Strome is hit by Filip Forsberg.
2:50 of 2nd period - Shot by Sebastian Aho.
2:50 of 2nd period - Shot Misses the Net.
2:52 of 2nd period - Shot by Sebastian Aho.
2:52 of 2nd period - Shot Blocked by Jared Spurgeon.
2:54 of 2nd period - Shot by MacKenzie Weegar.
2:54 of 2nd period - Stopped by Jacob Markstrom with a rebound.
5:08 of 2nd period - Mathew Barzal is hit by Anthony Mantha and loses puck.
5:28 of 2nd period - Shot by Boone Jenner.
5:28 of 2nd period - Shot Misses the Net.
5:32 of 2nd period - Shot by Austin Watson.
5:32 of 2nd period - Shot Misses the Net.
5:34 of 2nd period - Shot by Ben Hutton.
5:34 of 2nd period - Stopped by Casey DeSmith without a rebound.
5:35 of 2nd period - Pierre-Edouard Bellemare wins face-off versus Filip Chytil in TAMPA BAY zone.
5:46 of 2nd period - Shot by Pat Maroon.
5:46 of 2nd period - Shot Misses the Net.
5:48 of 2nd period - Shot by Pierre-Edouard Bellemare.
5:48 of 2nd period - Shot Misses the Net.
6:05 of 2nd period - Icing by John Klingberg.
6:06 of 2nd period - Logan Couture wins face-off versus Filip Chytil in TAMPA BAY zone.
6:06 of 2nd period - Josh Bailey is hit by Zach Werenski and loses puck.
6:22 of 2nd period - Logan Couture is hit by John Klingberg and loses puck.
6:39 of 2nd period - Shot by Josh Bailey.
6:39 of 2nd period - Shot Misses the Net.
6:41 of 2nd period - Shot by Nick Foligno.
6:41 of 2nd period - Stopped by Casey DeSmith without a rebound.
6:42 of 2nd period - Boone Jenner wins face-off versus Elias Lindholm in TAMPA BAY zone.
6:46 of 2nd period - Icing by Sebastian Aho.
6:47 of 2nd period - Elias Lindholm wins face-off versus Boone Jenner in TAMPA BAY zone.
6:53 of 2nd period - Sebastian Aho is hit by Jared Spurgeon and loses puck.
7:03 of 2nd period - Icing by Austin Watson.
7:04 of 2nd period - Boone Jenner wins face-off versus Robby Fabbri in NEW YORK I zone.
8:13 of 2nd period - Shot by Josh Bailey.
8:13 of 2nd period - Shot Blocked by Mathew Barzal.
8:32 of 2nd period - Icing by Sami Niku.
8:33 of 2nd period - Elias Lindholm wins face-off versus Ryan Strome in TAMPA BAY zone.
8:43 of 2nd period - Mathew Barzal is hit by Scott Mayfield and loses puck.
9:30 of 2nd period - Icing by Filip Chytil.
9:31 of 2nd period - Filip Chytil wins face-off versus Boone Jenner in TAMPA BAY zone.
9:38 of 2nd period - Esa Lindell is hit by Filip Forsberg and loses puck.
10:07 of 2nd period - Shot by Jesper Bratt.
10:07 of 2nd period - Stopped by Jacob Markstrom without a rebound.
10:08 of 2nd period - Elias Lindholm wins face-off versus Logan Couture in NEW YORK I zone.
10:09 of 2nd period - Shot by MacKenzie Weegar.
10:09 of 2nd period - Shot Misses the Net.
11:08 of 2nd period - Elias Lindholm is hit by Nick Foligno and loses puck.
11:20 of 2nd period - Sebastian Aho is hit by Rasmus Ristolainen and loses puck.
11:30 of 2nd period - Icing by Esa Lindell.
11:31 of 2nd period - Anthony Mantha wins face-off versus Filip Chytil in NEW YORK I zone.
12:00 of 2nd period - Shot by Ryan Strome.
12:00 of 2nd period - Stopped by Casey DeSmith without a rebound.
12:01 of 2nd period - Boone Jenner wins face-off versus Tyson Jost in TAMPA BAY zone.
12:18 of 2nd period - Shot by Austin Watson.
12:18 of 2nd period - Shot Misses the Net.
12:40 of 2nd period - Shot by Boone Jenner.
12:40 of 2nd period - Stopped by Casey DeSmith without a rebound.
12:41 of 2nd period - Pierre-Edouard Bellemare wins face-off versus Filip Chytil in TAMPA BAY zone.
13:01 of 2nd period - Zach Werenski is hit by Cedric Paquette and loses puck.
13:12 of 2nd period - Shot by Filip Chytil.
13:12 of 2nd period - Shot Misses the Net.
13:20 of 2nd period - Shot by Filip Forsberg.
13:20 of 2nd period - Shot Misses the Net.
13:38 of 2nd period - Shot by Sonny Milano.
13:38 of 2nd period - Stopped by Jacob Markstrom without a rebound.
13:39 of 2nd period - Elias Lindholm wins face-off versus Logan Couture in NEW YORK I zone.
13:44 of 2nd period - Shot by Elias Lindholm.
13:44 of 2nd period - Stopped by Jacob Markstrom without a rebound.
13:45 of 2nd period - Ryan Strome wins face-off versus David Kampf in NEW YORK I zone.
13:45 of 2nd period - Ryan Strome is hit by Jake Virtanen.
13:59 of 2nd period - Shot by Ryan Strome.
13:59 of 2nd period - Shot Misses the Net.
14:01 of 2nd period - Shot by Jared Spurgeon.
14:01 of 2nd period - Stopped by Casey DeSmith without a rebound.
14:02 of 2nd period - Elias Lindholm wins face-off versus Logan Couture in TAMPA BAY zone.
14:53 of 2nd period - Shot by Brandon Saad.
14:53 of 2nd period - Stopped by Casey DeSmith without a rebound.
14:54 of 2nd period - Ryan Strome wins face-off versus Tyson Jost in TAMPA BAY zone.
14:54 of 2nd period - Ryan Strome is hit by John Klingberg.
15:12 of 2nd period - Shot by Jesper Bratt.
15:12 of 2nd period - Stopped by Jacob Markstrom without a rebound.
15:13 of 2nd period - Boone Jenner wins face-off versus Filip Chytil in NEW YORK I zone.
15:13 of 2nd period - Boone Jenner is hit by Viktor Arvidsson.
15:23 of 2nd period - Icing by Filip Forsberg.
15:24 of 2nd period - Brandon Saad wins face-off versus Filip Chytil in TAMPA BAY zone.
15:26 of 2nd period - Ryan Strome is hit by MacKenzie Weegar and loses puck.
15:39 of 2nd period - Shot by Filip Chytil.
15:39 of 2nd period - Shot Misses the Net.
16:56 of 2nd period - Minor Penalty to Matt Dumba for Holding.
16:57 of 2nd period - Boone Jenner wins face-off versus Elias Lindholm in NEW YORK I zone.
18:02 of 2nd period - Icing by John Klingberg.
18:03 of 2nd period - Boone Jenner wins face-off versus Filip Chytil in TAMPA BAY zone.
18:20 of 2nd period - Shot by Zach Werenski.
18:20 of 2nd period - Shot Blocked by Ben Hutton.
19:52 of 2nd period - Icing by Esa Lindell.
19:53 of 2nd period - Ryan Strome wins face-off versus Tyson Jost in NEW YORK I zone.
19:53 of 2nd period - Ryan Strome is hit by Robby Fabbri.
Goals for this period are 0 for NEW YORK I vs 0 for TAMPA BAY.
Shots for this period are 7 for NEW YORK I vs 5 for TAMPA BAY.

3rd period


0:01 of 3rd period - Elias Lindholm wins face-off versus Boone Jenner in neutral zone.
0:01 of 3rd period - Elias Lindholm is hit by Marcus Foligno.
0:17 of 3rd period - Shot by Austin Watson.
0:17 of 3rd period - Shot Misses the Net.
0:19 of 3rd period - Shot by Esa Lindell.
0:19 of 3rd period - Stopped by Casey DeSmith without a rebound.
0:20 of 3rd period - Filip Chytil wins face-off versus Logan Couture in TAMPA BAY zone.
1:59 of 3rd period - Vladislav Gavrikov is hit by Austin Watson.
2:03 of 3rd period - Shot by Jesper Bratt.
2:03 of 3rd period - Shot Misses the Net.
2:07 of 3rd period - Shot by Jesper Bratt.
2:07 of 3rd period - Goal by Jesper Bratt - NEW YORK I : 2 - TAMPA BAY : 1.
2:08 of 3rd period - David Kampf wins face-off versus Ryan Strome in neutral zone.
2:20 of 3rd period - Jake Virtanen is hit by Matt Dumba and loses puck.
2:35 of 3rd period - Shot by David Kampf.
2:35 of 3rd period - Shot Misses the Net.
2:43 of 3rd period - Shot by Zach Werenski.
2:43 of 3rd period - Stopped by Jacob Markstrom without a rebound.
2:44 of 3rd period - Cedric Paquette wins face-off versus Filip Chytil in NEW YORK I zone.
2:46 of 3rd period - Icing by Pierre-Edouard Bellemare.
2:47 of 3rd period - Pierre-Edouard Bellemare wins face-off versus Viktor Arvidsson in NEW YORK I zone.
2:55 of 3rd period - Icing by Sami Niku.
2:56 of 3rd period - Filip Chytil wins face-off versus Logan Couture in TAMPA BAY zone.
2:56 of 3rd period - Filip Chytil is hit by Nick Foligno.
2:57 of 3rd period - Double Minor Penalty to Nick Foligno for Slashing.
2:58 of 3rd period - Boone Jenner wins face-off versus Elias Lindholm in NEW YORK I zone.
3:07 of 3rd period - Rasmus Ristolainen is hit by Elias Lindholm and loses puck.
3:12 of 3rd period - Shot by Zach Werenski.
3:12 of 3rd period - Shot Blocked by Rasmus Ristolainen.
3:14 of 3rd period - Shot by Zach Werenski.
3:14 of 3rd period - Stopped by Jacob Markstrom without a rebound.
3:15 of 3rd period - Boone Jenner wins face-off versus Filip Forsberg in NEW YORK I zone.
3:15 of 3rd period - Boone Jenner is hit by Filip Forsberg.
3:46 of 3rd period - Rasmus Andersson is hit by Cedric Paquette and loses puck.
3:52 of 3rd period - Shot by MacKenzie Weegar.
3:52 of 3rd period - Stopped by Jacob Markstrom with a rebound.
4:25 of 3rd period - Shot by John Klingberg.
4:25 of 3rd period - Stopped by Jacob Markstrom without a rebound.
4:26 of 3rd period - Elias Lindholm wins face-off versus Cedric Paquette in NEW YORK I zone.
4:27 of 3rd period - Shot by Zach Werenski.
4:27 of 3rd period - Stopped by Jacob Markstrom without a rebound.
4:28 of 3rd period - Boone Jenner wins face-off versus Elias Lindholm in NEW YORK I zone.
4:47 of 3rd period - Esa Lindell is hit by Sebastian Aho and loses puck.
5:22 of 3rd period - Shot by Filip Chytil.
5:22 of 3rd period - Shot Blocked by Rasmus Ristolainen.
5:32 of 3rd period - Shot by Filip Chytil.
5:32 of 3rd period - Stopped by Jacob Markstrom without a rebound.
5:33 of 3rd period - Cedric Paquette wins face-off versus Filip Chytil in NEW YORK I zone.
5:46 of 3rd period - Shot by Zach Werenski.
5:46 of 3rd period - Shot Misses the Net.
5:48 of 3rd period - Shot by Viktor Arvidsson.
5:48 of 3rd period - Shot Blocked by Matt Dumba.
5:50 of 3rd period - Shot by Viktor Arvidsson.
5:50 of 3rd period - Stopped by Jacob Markstrom without a rebound.
5:51 of 3rd period - Boone Jenner wins face-off versus Elias Lindholm in NEW YORK I zone.
6:20 of 3rd period - Shot by Sebastian Aho.
6:20 of 3rd period - Shot Misses the Net.
6:22 of 3rd period - Shot by MacKenzie Weegar.
6:22 of 3rd period - Shot Blocked by Matt Dumba.
7:54 of 3rd period - Shot by Sonny Milano.
7:54 of 3rd period - Shot Misses the Net.
7:59 of 3rd period - Icing by Ryan Strome.
8:00 of 3rd period - Ryan Strome wins face-off versus Elias Lindholm in NEW YORK I zone.
8:02 of 3rd period - Icing by Anthony Mantha.
8:03 of 3rd period - Brandon Saad wins face-off versus Elias Lindholm in NEW YORK I zone.
8:03 of 3rd period - Brandon Saad is hit by Mathew Barzal.
10:02 of 3rd period - Shot by Robby Fabbri.
10:02 of 3rd period - Stopped by Jacob Markstrom without a rebound.
10:03 of 3rd period - Logan Couture wins face-off versus David Kampf in NEW YORK I zone.
11:03 of 3rd period - Jared Spurgeon is hit by Sami Niku and loses puck.
11:32 of 3rd period - Off-side.
11:33 of 3rd period - Filip Chytil wins face-off versus Ryan Strome in neutral zone.
12:11 of 3rd period - Shot by Filip Forsberg.
12:11 of 3rd period - Shot Blocked by Ryan Strome.
12:13 of 3rd period - Shot by Rasmus Andersson.
12:13 of 3rd period - Stopped by Jacob Markstrom without a rebound.
12:14 of 3rd period - Logan Couture wins face-off versus Elias Lindholm in NEW YORK I zone.
13:00 of 3rd period - Icing by MacKenzie Weegar.
13:01 of 3rd period - Boone Jenner wins face-off versus Elias Lindholm in TAMPA BAY zone.
13:19 of 3rd period - Icing by Jared Spurgeon.
13:20 of 3rd period - Filip Chytil wins face-off versus Boone Jenner in NEW YORK I zone.
13:49 of 3rd period - Shot by Zach Werenski.
13:49 of 3rd period - Shot Misses the Net.
13:51 of 3rd period - Shot by Zach Werenski.
13:51 of 3rd period - Goal by Zach Werenski - NEW YORK I : 2 - TAMPA BAY : 2.
13:52 of 3rd period - Jesper Bratt wins face-off versus Logan Couture in neutral zone.
14:14 of 3rd period - Shot by Robby Fabbri.
14:14 of 3rd period - Stopped by Jacob Markstrom without a rebound.
14:15 of 3rd period - Ryan Strome wins face-off versus David Kampf in NEW YORK I zone.
14:15 of 3rd period - Ryan Strome is hit by Jake Virtanen.
15:33 of 3rd period - Icing by Esa Lindell.
15:34 of 3rd period - Tyson Jost wins face-off versus Logan Couture in NEW YORK I zone.
15:43 of 3rd period - Shot by Tyson Jost.
15:43 of 3rd period - Shot Blocked by Esa Lindell.
15:45 of 3rd period - Shot by Sami Niku.
15:45 of 3rd period - Shot Misses the Net.
15:47 of 3rd period - Shot by Jesper Bratt.
15:47 of 3rd period - Stopped by Jacob Markstrom without a rebound.
15:48 of 3rd period - Elias Lindholm wins face-off versus Boone Jenner in NEW YORK I zone.
16:15 of 3rd period - Boone Jenner is hit by Sebastian Aho and loses puck.
16:25 of 3rd period - Shot by Elias Lindholm.
16:25 of 3rd period - Stopped by Jacob Markstrom without a rebound.
16:26 of 3rd period - Tyson Jost wins face-off versus Ryan Strome in NEW YORK I zone.
16:29 of 3rd period - Shot by Jesper Bratt.
16:29 of 3rd period - Stopped by Jacob Markstrom with a rebound.
18:19 of 3rd period - Matt Dumba is hit by Sebastian Aho and loses puck.
18:54 of 3rd period - Shot by Elias Lindholm.
18:54 of 3rd period - Stopped by Jacob Markstrom without a rebound.
18:55 of 3rd period - Pierre-Edouard Bellemare wins face-off versus Tyson Jost in NEW YORK I zone.
19:12 of 3rd period - Shot by Jesper Bratt.
19:12 of 3rd period - Shot Misses the Net.
19:14 of 3rd period - Shot by Jesper Bratt.
19:14 of 3rd period - Shot Blocked by Scott Mayfield.
19:16 of 3rd period - Shot by MacKenzie Weegar.
19:16 of 3rd period - Deflect By Robby Fabbri.
19:16 of 3rd period - Stopped by Jacob Markstrom without a rebound.
19:17 of 3rd period - Ryan Strome wins face-off versus David Kampf in NEW YORK I zone.
19:50 of 3rd period - Shot by Ryan Strome.
19:50 of 3rd period - Shot Misses the Net.
19:52 of 3rd period - Shot by Ryan Strome.
19:52 of 3rd period - Stopped by Casey DeSmith with a rebound.
Goals for this period are 0 for NEW YORK I vs 2 for TAMPA BAY.
Shots for this period are 2 for NEW YORK I vs 17 for TAMPA BAY.

Overtime #1


0:01 of 1st overtime period - Elias Lindholm wins face-off versus Pierre-Edouard Bellemare in neutral zone.
0:14 of 1st overtime period - Shot by Elias Lindholm.
0:14 of 1st overtime period - Stopped by Jacob Markstrom without a rebound.
0:15 of 1st overtime period - Pierre-Edouard Bellemare wins face-off versus Elias Lindholm in NEW YORK I zone.
1:15 of 1st overtime period - Shot by Viktor Arvidsson.
1:15 of 1st overtime period - Stopped by Jacob Markstrom without a rebound.
1:16 of 1st overtime period - Elias Lindholm wins face-off versus Cedric Paquette in NEW YORK I zone.
1:31 of 1st overtime period - Shot by Elias Lindholm.
1:31 of 1st overtime period - Stopped by Jacob Markstrom without a rebound.
1:32 of 1st overtime period - Pierre-Edouard Bellemare wins face-off versus Elias Lindholm in NEW YORK I zone.
1:53 of 1st overtime period - Shot by Elias Lindholm.
1:53 of 1st overtime period - Stopped by Jacob Markstrom without a rebound.
1:54 of 1st overtime period - Cedric Paquette wins face-off versus Robby Fabbri in NEW YORK I zone.
2:59 of 1st overtime period - Shot by Elias Lindholm.
2:59 of 1st overtime period - Stopped by Jacob Markstrom without a rebound.
3:00 of 1st overtime period - Elias Lindholm wins face-off versus Pierre-Edouard Bellemare in NEW YORK I zone.
3:21 of 1st overtime period - Shot by Robby Fabbri.
3:21 of 1st overtime period - Shot Blocked by Matt Dumba.
3:23 of 1st overtime period - Shot by MacKenzie Weegar.
3:23 of 1st overtime period - Shot Misses the Net.
3:25 of 1st overtime period - Shot by Elias Lindholm.
3:25 of 1st overtime period - Goal by Elias Lindholm - NEW YORK I : 2 - TAMPA BAY : 3.
Goals for this period are 0 for NEW YORK I vs 1 for TAMPA BAY.
Shots for this period are 0 for NEW YORK I vs 6 for TAMPA BAY.